 Dungeon Crawl Stone Soup version 0.28-a0-1184-g53156a8862 (webtiles) character file.

Game seed: 6721747164798645150

370790 bearlyready the Metallomancer (level 21, -6/171 HPs)
             Began as a Yellow Draconian Venom Mage on Dec 18, 2021.
             Was an Initiate of Gozag.
             Mangled by a vampire knight (30 damage)
             ... on level 2 of the Crypt.
             The game lasted 02:50:25 (87246 turns).

bearlyready the Metallomancer (DrVM)               Turns: 87246, Time: 02:50:26

Health: -6/171     AC: 19    Str: 11    XL:     21   Next: 69%
Magic:  33/36      EV: 17    Int: 29    God:    Gozag
Gold:   10798      SH: 13    Dex: 14    Spells: 8/42 levels left

rFire   + + .      SeeInvis +   H - +3 rapier "Icyaxke" {freeze, rPois Int+5 Stlth+}
rCold   + + .      Faith    .   M - +0 kite shield {rF+}
rNeg    . . .      Spirit   .   (armour unavailable)
rPois   +          Reflect  .   F - +2 hat {SInv}
rElec   .          Harm     .   I - scarf {rC+ rF+}
rCorr   +          Rampage  .   q - +2 pair of gloves
Will    .....                   B - +2 pair of boots
Stlth   +++.......              x - amulet of magic regeneration
HPRegen 0.38/turn               h - ring of wizardry
MPRegen 0.65/turn               m - ring of protection from cold

@: about to teleport, weak-willed, gold aura, hasted, studying Ice Magic, very
quick
A: spit acid, AC +11, unfitting armour, acidic bite, cold-blooded, acid
resistance
}: 2/15 runes: serpentine, barnacled
a: Breathe Acid, Renounce Religion, Potion Petition, Call Merchant, Bribe Branch


You were on level 2 of the Crypt.
You worshipped Gozag.
Gozag was extremely pleased with you.
You visited 9 branches of the dungeon, and saw 40 of its levels.
You also visited: Ossuary, Ice Cave and Volcano.

You collected 18992 gold pieces.
You spent 6299 gold pieces at shops.
You paid 1895 gold pieces to Gozag.

Inventory:

Hand Weapons
 a - the +7 pair of quick blades "Gyre" and "Gimble" {protect}
   (You acquired it on level 1 of the Dungeon)

   It grants its wielder temporary protection when it strikes (+7 to AC).
 s - a +4 rapier of electrocution
 H - the +3 rapier "Icyaxke" (weapon) {freeze, rPois Int+5 Stlth+}
   (You found it on level 5 of the Dungeon)

   It freezes those it strikes, dealing additional cold damage.
   It can also slow down cold-blooded creatures.
   Int:       It affects your intelligence (+5).
   rPois:     It protects you from poison.
   Stlth:     It makes you more stealthy.
 Y - a +4 demon whip of freezing
Missiles
 k - 95 poisoned darts (quivered)
 K - 3 throwing nets
 U - 13 javelins
Armour
 q - a +2 pair of gloves (worn)
 B - a +2 pair of boots (worn)
 F - a +2 hat of see invisible (worn)
 I - a scarf of resistance (worn)
 M - a +0 kite shield of fire resistance (worn)
Jewellery
 h - a ring of wizardry (left hand)
 m - a ring of protection from cold (right hand)
 x - an amulet of magic regeneration (around neck)
 y - a ring of protection from fire
 A - a ring of flight
 E - an amulet of reflection
Wands
 b - a wand of digging (8)
 f - a wand of polymorph (12)
 j - a wand of mindburst (33)
 G - a wand of iceblast (16)
 Q - a wand of acid (7)
 V - a wand of flame (11)
Scrolls
 g - 4 scrolls of torment
 n - 3 scrolls of fog
 p - 4 scrolls of fear
 r - 10 scrolls of amnesia
 u - 9 scrolls of teleportation
 C - 4 scrolls of holy word
 D - 3 scrolls of silence
 L - 9 scrolls of enchant weapon
 N - 5 scrolls of magic mapping
 R - 7 scrolls of enchant armour
Potions
 c - 5 potions of attraction
 e - 7 potions of brilliance
 l - 8 potions of flight
 o - 4 potions of cancellation
 v - 15 potions of haste
 w - 9 potions of curing
 z - 2 potions of invisibility
 J - 2 potions of resistance
 O - 4 potions of ambrosia
 P - 4 potions of berserk rage
 S - 5 potions of heal wounds
 T - 7 potions of lignification
 W - 14 potions of might
 X - 5 potions of magic
 Z - 6 potions of mutation
Miscellaneous
 d - a condenser vane
 t - a box of beasts


   Skills:
 + Level 11.1 Fighting
 - Level 8.0 Short Blades
 - Level 11.0 Dodging
 - Level 1.7 Stealth
 - Level 15.0 Shields
 - Level 11.0 Spellcasting
 - Level 8.0 Conjurations
 - Level 8.0 Necromancy
 - Level 5.0 Transmutations
 - Level 8.1 Ice Magic
 + Level 26.2 Earth Magic
 - Level 11.0 Poison Magic
 + Level 4.3 Evocations


You had 8 spell levels left.
You knew the following spells:

 Your Spells              Type           Power      Damage    Failure   Level
a - Sting                 Tmut/Pois      100%       1d8       1%          1
b - Olgreb's Toxic Radia  Pois           68%        N/A       1%          4
c - Frozen Ramparts       Ice            100%       1d12      1%          3
d - Borgnjor's Vile Clut  Necr/Erth      43%        N/A       1%          5
e - Passwall              Tmut/Erth      68%        N/A       0%          2
f - Lehudib's Crystal Sp  Conj/Erth      43%        10d10     9%          8
g - Lee's Rapid Deconstr  Erth           53%        3d26*     0%          5
h - Statue Form           Tmut/Erth      54%        N/A       1%          6

Your spell library contained the following spells:

 Spells                   Type           Power      Damage    Failure   Level
 Sandblast                Erth           100%       2d20      0%          1
 Stone Arrow              Conj/Erth      100%       3d13      0%          3
 Animate Skeleton         Necr           100%       N/A       1%          1
 Freeze                   Ice            100%       1d11      1%          1
 Pain                     Necr           100%       1d9       1%          1
 Shock                    Conj/Air       100%       1d9       1%          1
 Slow                     Hex            60%        N/A       1%          1
 Summon Small Mammal      Summ           60%        N/A       1%          1
 Call Imp                 Summ           15%        N/A       1%          2
 Corpse Rot               Necr/Air       78%        N/A       1%          2
 Ensorcelled Hibernation  Hex/Ice        78%        N/A       1%          2
 Poisonous Vapours        Pois/Air       94%        N/A       1%          2
 Scorch                   Fire           30%        2d6       1%          2
 Static Discharge         Conj/Air       39%        N/A       1%          2
 Conjure Flame            Conj/Fire      39%        6-21      1%          3
 Dazzling Flash           Conj/Hex       78%        N/A       1%          3
 Ignite Poison            Fire/Tmut/Pois 47%        N/A       1%          3
 Mephitic Cloud           Conj/Pois/Air  51%        N/A       1%          3
 Vampiric Draining        Necr           58%        2d10      1%          3
 Animate Dead             Necr           29%        N/A       1%          4
 Hailstorm                Conj/Ice       58%        3d13      1%          4
 Ice Form                 Ice/Tmut       52%        N/A       1%          4
 Leda's Liquefaction      Hex/Erth       37%        N/A       1%          4
 Petrify                  Tmut/Erth      82%        N/A       1%          4
 Agony                    Necr           58%        N/A       1%          5
 Iron Shot                Conj/Erth      43%        9d8       1%          6
 Flame Wave               Conj/Fire      39%        2d7       2%          4
 Fulminant Prism          Conj/Hex       19%        3d11      2%          4
 Iskenderun's Mystic Bla  Conj/Tloc      39%        2d9       2%          4
 Sticky Flame             Conj/Fire      39%        2d6       2%          4
 Summon Ice Beast         Ice/Summ       39%        N/A       2%          4
 Confusing Touch          Hex            15%        N/A       4%          3
 Gell's Gravitas          Tloc           15%        N/A       4%          3
 Inner Flame              Hex/Fire       15%        N/A       4%          3
 Swiftness                Air            15%        N/A       4%          3
 Teleport Other           Tloc           15%        N/A       4%          3
 Tukima's Dance           Hex            15%        N/A       4%          3
 Blade Hands              Tmut           22%        N/A       4%          5
 Fireball                 Conj/Fire      19%        3d9       8%          5
 Lightning Bolt           Conj/Air       19%        1d34      8%          5
 Death Channel            Necr           29%        N/A       8%          6
 Simulacrum               Ice/Necr       29%        N/A       8%          6
 Airstrike                Air            7%         N/A       13%         4
 Cause Fear               Hex            7%         N/A       13%         4
 Passage of Golubria      Tloc           15%        N/A       13%         4
 Summon Lightning Spire   Summ/Air       15%        N/A       13%         4
 Silence                  Hex/Air        7%         N/A       34%         5
 Summon Mana Viper        Hex/Summ       15%        N/A       34%         5
 Starburst                Conj/Fire      19%        6d7       36%         6
 Ozocubu's Refrigeration  Ice            29%        4d10      38%         7
 Dispersal                Tloc           7%         N/A       87%         6
 Summon Cactus Giant      Summ           7%         N/A       87%         6
 Discord                  Hex            7%         N/A       100%        8
 Disjunction              Tloc           7%         N/A       100%        8
 Ignition                 Fire           7%         3d5       100%        8
 Maxwell's Capacitive Co  Air            7%         ∞         100%        8
 Summon Horrible Things   Summ           7%         N/A       100%        8
 Shatter                  Erth           53%        3d40*     3%          9
 Chain Lightning          Conj/Air       19%        3d26      100%        9
 Fire Storm               Conj/Fire      19%        8d5       100%        9
 Animate Armour           Summ/Erth      Unusable   N/A       N/A         4

Dungeon Overview and Level Annotations

Branches:
Dungeon (15/15)            Temple (0/1) D:5            Lair (6/6) D:10
 Shoals (4/4) Lair:3        Snake (4/4) Lair:4        Slime (1/5) Lair:5
    Orc (2/2) D:10            Elf (3/3) Orc:2        Vaults (3/5) D:14
  Crypt (2/3) Vaults:3     Depths (0/4) D:15        Ossuary (visited)
  IceCv (visited)         Volcano (visited)

Altars:
Dithmenos
Elyvilon
Gozag
Kikubaaqudgha
Makhleb
Nemelex Xobeh
Okawaru
Qazlal
Ru
Sif Muna
Trog
Wu Jian
Xom
Yredelemnul
Zin
The Shining One
Beogh

Shops:
D:1 *   D:2 [[   D:3 !   D:5 !(::?   D:11 =   Orc:2 (?:?   Elf:1 ([*?(
Elf:2 [   Shoals:1 ?*(*[   Shoals:2 =   Snake:1 *   Snake:3 *   Snake:4 (

Annotations:
Snake:1 3 runed translucent doors, Itub's ghost, adept GrFi
Snake:3 3 runed translucent doors, exclusion: obsidian statue, Hoamet's ghost, adept DgFE


Innate Abilities, Weirdness & Mutations

You can spit globs of acid.
Your golden yellow scales are hard. (AC +11)
You cannot fit into any form of body armour.
You have acidic saliva.
You are cold-blooded and may be slowed by cold attacks.
You are resistant to acid. (rCorr)


Message History

The phantasmal warrior hits you!
Your willpower is stripped away!
The vampire knight hits you but does no damage.
The vampire knight bites you!
The vampire knight draws strength from your injuries!
The phantasmal warrior hits you!!
* * * LOW HITPOINT WARNING * * *
The vampire knight hits you but does no damage.
The vampire knight bites you!
* * * LOW HITPOINT WARNING * * *
The vampire knight draws strength from your injuries!
You can move again.
Okay, then.
Okay, then. [a] - 330 gold - heal wounds and haste [b] - 504 gold - curing, magic and haste [c] - 624 gold - resistance, might and haste Purchase which effect?
You feel much better.
You feel yourself speed up. The vampire knight barely misses you.
The vampire knight bites you but does no damage.
You block the phantasmal warrior's attack.
The vampire knight hits you with a +0 war axe!!
* * * LOW HITPOINT WARNING * * *
You block the vampire knight's attack. The phantasmal warrior hits you!!
* * * LOW HITPOINT WARNING * * *
The vampire knight gestures at you while chanting.
You shrug off the repeated paralysis! [a] - 270 gold - haste [b] - 384 gold - heal wounds, curing and magic [c] - 336 gold - haste and brilliance Purchase which effect?
You feel much better.
You feel better. Magic courses through your body.
The phantasmal warrior hits you!
* * * LOW HITPOINT WARNING * * *
As you read the scroll of teleportation, it crumbles to dust.
You feel strangely unstable.
The vampire knight hits you with a +0 war axe!!
You die...
Your body crumbles into a pile of gold.

################################
................................
............###V#...............
...........'.W@#...............
.........#...#..........(..W.
#+###.......#...#...............
...#.......#...#...............
##.##..[...#...#...............
#...#......#...'...............
##.8.'......#...#............V..
#...##......#####...........
##...#.......................


You could see a vampire knight (fast, invisible) and a phantasmal warrior.

Vanquished Creatures
  Margery (Crypt:1)
  Frederick (Vaults:3)
  Bai Suzhen (Vaults:3)
  Saint Roka (Vaults:1)
  Nikola (Shoals:2)
  Rupert (Lair:4)
  3 deep elf blademasters
  2 titans
  2 deep elf master archers (Elf:3)
  2 sphinxes (Shoals:4)
  Polyphemus (Shoals:2)
  Frances (Snake:1)
  Roxanne (D:15)
  Ilsuiw (Shoals:2)
  Donald (Elf:2)
  The ghost of Wogiaph the Grappler, a journeyman OgTm of Okawaru (D:14)
  A fire giant (Vaults:1)
  7 nagarajas (Snake:4)
  3 deep elf sorcerers (Elf:3)
  6 vault wardens
  An orc warlord (Orc:2)
  A curse skull (Crypt:1)
  4 deep elf elementalists (Elf:3)
  13 ironbound preservers
  6 ghouls
  2 war gargoyles (Vaults:1)
  8 very ugly things
  A stone giant (D:15)
  3 reapers (IceCv)
  4 ironbound thunderhulks
  3 vampire knights (Crypt:1)
  11 deep elf demonologists
  9 deep elf annihilators
  2 minotaurs (Shoals:4)
  The ghost of HuGe the Severer, a journeyman MiBe of Trog (Shoals:1)
  An eidolon (Crypt:2)
  A merfolk javelineer (Shoals:3)
  2 spriggan zombies
  4 deep elf death magi (Elf:3)
  5 merfolk impalers
  8 jiangshi
  4 deep elf high priests
  6 yaktaur captains
  3 great orbs of eyes
  12 hydras
  A peacekeeper (Vaults:1)
  3 merfolk aquamancers
  4 boulder beetles
  A salamander tyrant (Snake:4)
  4 catoblepae
  7 merfolk avatars
  11 naga warriors
  9 vault guards
  3 caustic shrike simulacra (IceCv)
  11 anacondas
  8 ironbound frosthearts
  11 centaur warriors
  3 death knights
  3 two-headed ogres
  19 death yaks
  12 satyrs
  2 tengu warriors (D:15)
  2 vampire magi
  17 naga sharpshooters
  3 shock serpents
  A soul eater (Crypt:2)
  4 hell knights
  2 skeletal warriors
  11 deep elf knights
  2 salamander mystics
  An entropy weaver zombie (Crypt:1)
  3 flayed ghosts
  A shadow wraith (Vaults:3)
  An anaconda zombie (Crypt:1)
  A storm dragon skeleton (Crypt:1)
  19 deep trolls
  26 sea snakes
  2 obsidian statues (IceCv)
  A bunyip skeleton (Crypt:1)
  10 deep elf archers
  3 wizards
  3 bog bodies
  13 lindwurms
  4 naga ritualists
  5 orc knights (Orc:2)
  6 phantasmal warriors
  A sphinx zombie (Crypt:1)
  6 ironbound convokers
  20 deep elf zephyrmancers
  7 mana vipers
  5 necromancers
  21 harpies
  27 deep elf pyromancers
  23 ugly things
  12 elephants
  9 cyclopes
  7 orc sorcerers
  17 manticores
  24 salamanders
  A sphinx skeleton (Vaults:2)
  11 water nymphs
  10 guardian serpents
  11 fauns
  An iron dragon skeleton (Crypt:2)
  2 human zombies (Vaults:2)
  A smoke demon (Volcano)
  15 merfolk sirens
  13 cane toads
  A gargoyle (D:13)
  A torpor snail (Lair:6)
  32 black mambas
  A molten gargoyle (Volcano)
  9 vault sentinels
  16 naga magi
  3 yaktaurs (Vaults:1)
  An unseen horror (D:10)
  12 komodo dragons
  3 rime drakes
  A catoblepas zombie (Crypt:2)
  A kobold demonologist (D:11)
  An entropy weaver simulacrum (IceCv)
  A hydra zombie (Crypt:1)
  13 freezing wraiths
  2 golden dragon simulacra (IceCv)
  A harpy zombie (Crypt:1)
  2 tengu conjurers (D:14)
  28 merfolk
  11 wind drakes
  7 trolls
  The ghost of ALWAYSlose the Skirmisher, an amateur DsBe of Trog (D:4)
  7 polar bears
  18 slime creatures
  10 blink frogs
  3 harpy skeletons
  A guardian serpent zombie (Crypt:1)
  11 dream sheep
  7 snapping turtles
  A snapping turtle (shapeshifter) (Vaults:2)
  A human simulacrum (Vaults:2)
  2 redbacks (Vaults:3)
  2 shadows (D:11)
  2 air elementals
  Sigmund (D:6)
  A black mamba zombie (Crypt:1)
  14 water elementals
  5 fire bats (Volcano)
  A dire elephant simulacrum (IceCv)
  72 yaks
  4 vampires
  5 wyverns
  8 humans (D:14)
  13 wraiths
  5 basilisks
  4 fire elementals
  A hog (shapeshifter) (Vaults:1)
  Edmund (D:5)
  A naga zombie (Crypt:1)
  A harpy simulacrum (Crypt:1)
  9 vampire mosquitoes
  3 wargs
  2 water nymph zombies (Crypt:1)
  17 water moccasins
  33 nagas
  4 hydra simulacra
  3 hell hounds
  2 acid dragons
  A naga skeleton (Crypt:2)
  A hornet zombie (Ossuary)
  38 orc warriors
  2 black bears (D:10)
  The ghost of JamezByez the Poker, an amateur MiBe of Trog (D:4)
  The ghost of sirJeffrey23 the Chopper, an amateur HOMo of Beogh (D:4)
  2 ice beasts
  A snapping turtle zombie (Crypt:2)
  2 necrophages
  A sky beast (D:5)
  4 ettin simulacra (IceCv)
  26 centaurs
  A boggart (Vaults:1)
  29 wolves
  An elephant skeleton (Crypt:1)
  3 ogres
  An elf zombie (Crypt:1)
  4 earth elementals
  19 kobold brigands (D:11)
  10 bullfrogs
  A deep troll simulacrum (IceCv)
  A gnoll sergeant (D:8)
  3 scorpions (D:5)
  A palentonga skeleton (Crypt:1)
  3 wyvern zombies
  3 water moccasin zombies
  A wyvern skeleton (D:7)
  A water moccasin skeleton (D:4)
  6 killer bees (D:9)
  A lindwurm simulacrum (IceCv)
  17 wights
  4 electric eels (Snake:2)
  4 bullfrog zombies (Ossuary)
  4 centaur zombies
  10 lava snakes
  13 orc priests
  Crazy Yiuf (D:5)
  A gnoll shaman (D:6)
  2 centaur skeletons
  3 iguanas
  15 orc wizards
  4 hell rats (Lair:6)
  2 killer bee zombies
  A deep dwarf zombie (Crypt:1)
  15 mummies (Ossuary)
  2 howler monkey zombies
  Robin (D:2)
  11 gnolls
  8 adders
  A shadow imp (D:7)
  A worm (D:1)
  A dart slug (D:4)
  88 orcs
  5 ball pythons
  5 bats
  4 endoplasms
  4 giant cockroaches
  12 goblins
  11 hobgoblins
  2 jackals (D:1)
  4 quokkas
  3 frilled lizards
  14 kobolds
  A kobold zombie (Crypt:2)
  7 rats
1523 creatures vanquished.

Vanquished Creatures (collateral kills)
  An ancient champion (Crypt:1)
  Azrael (D:12)
  An entropy weaver (Vaults:3)
  A two-headed ogre (D:12)
  A skeletal warrior (Crypt:1)
  A sea snake (Shoals:2)
  A wind drake (Shoals:2)
  A slime creature (D:12)
  2 redbacks (Vaults:3)
  4 vampire mosquitoes (D:12)
14 creatures vanquished.

Vanquished Creatures (others)
  28 dancing weapons
  A deep elf zephyrmancer (Elf:1)
  33 fungi
  132 plants
  15 withered plants
209 creatures vanquished.

Grand Total: 1746 creatures vanquished

Notes
Turn   | Place    | Note
-------+----------+-------------------------------------------
     0 | D:1      | bearlyready the Draconian Venom Mage began the quest for
                  | the Orb.
     0 | D:1      | Reached XP level 1. HP: 14/14 MP: 3/3
    34 | D:1      | Found Ablesui's General Store.
   333 | D:1      | Reached XP level 2. HP: 16/20 MP: 0/5
   495 | D:1      | Found a faded altar of an unknown god.
  1216 | D:2      | Reached XP level 3. HP: 26/26 MP: 3/6
  1370 | D:2      | Found Huomen's Armour Emporium.
  1434 | D:2      | Found Boidutem's Armour Shop.
  1449 | D:2      | Noticed Robin
  1515 | D:2      | Reached XP level 4. HP: 19/33 MP: 5/7
  1524 | D:1      | Reached skill level 5 in Poison Magic
  1748 | D:1      | Learned a level 4 spell: Olgreb's Toxic Radiance
  1803 | D:2      | Killed Robin
  2591 | D:3      | Reached XP level 5. HP: 8/38 MP: 1/8
  2994 | D:3      | Found Unyf's Distillery.
  2997 | D:3      | Bought a potion of curing for 30 gold pieces
  2997 | D:3      | Bought a potion of curing for 30 gold pieces
  2997 | D:3      | Bought a potion of curing for 30 gold pieces
  3403 | D:4      | Found a runed translucent gate.
  3404 | D:4      | Found a runed translucent gate.
  3405 | D:4      | Found a runed translucent gate.
  3408 | D:4      | Noticed sirJeffrey23's ghost (amateur HOMo)
  3408 | D:4      | Noticed ALWAYSlose's ghost (amateur DsBe)
  3409 | D:4      | Noticed JamezByez's ghost (amateur MiBe)
  3440 | D:4      | Found a burning altar of Makhleb.
  3680 | D:4      | Found a sparkling altar of Nemelex Xobeh.
  3680 | D:4      | Found an opulent altar of Gozag.
  3688 | D:4      | Found a glowing silver altar of Zin.
  3690 | D:4      | Found a faded altar of an unknown god.
  3691 | D:4      | Found a shimmering altar of Xom.
  3979 | D:4      | Found a glowing golden altar of the Shining One.
  4064 | D:4      | Reached XP level 6. HP: 45/45 MP: 9/9
  4169 | D:5      | Entered Level 5 of the Dungeon
  4169 | D:5      | Found Wemourol's Magic Scroll Emporium.
  4174 | D:5      | Found Viptarpho's Book Shoppe.
  4207 | D:5      | Found Zophutuu's Distillery.
  4208 | D:5      | Found Mudd's Weapon Emporium.
  4254 | D:5      | Found a staircase to the Ecumenical Temple.
  4284 | D:5      | Found an iron altar of Okawaru.
  4466 | D:5      | Noticed Edmund
  4499 | D:5      | Killed Edmund
  4564 | D:5      | Found an ornate altar of the Wu Jian Council.
  4596 | D:5      | Your scales start taking on a golden yellow colour.
  4596 | D:5      | Reached XP level 7. HP: 30/50 MP: 6/10
  4596 | D:5      | Gained mutation: You are resistant to acid. (rCorr) [Yellow
                  | Draconian growth]
  4882 | D:5      | Identified the +3 rapier "Icyaxke" {freeze, rPois Int+5
                  | Stlth+}
  4891 | D:5      | Reached skill level 1 in Short Blades
  5018 | D:5      | Found Dogafow's Book Boutique.
  5358 | D:5      | Found a runed translucent door.
  5359 | D:5      | Noticed Crazy Yiuf
  5573 | D:5      | Killed Crazy Yiuf
  5665 | D:4      | Became a worshipper of Gozag Ym Sagoz the Greedy
  5733 | D:6      | Noticed a wraith
  5747 | D:6      | Killed a wraith
  5983 | D:6      | Reached XP level 8. HP: 57/57 MP: 11/11
  6003 | D:6      | Noticed Sigmund
  6015 | D:6      | Killed Sigmund
  6683 | D:6      | Reached skill level 1 in Fighting
  6899 | D:6      | Found an ancient bone altar of Kikubaaqudgha.
  7457 | D:2      | Bought a +0 buckler for 49 gold pieces
  7525 | D:5      | Bought a scroll of fear for 35 gold pieces
  7525 | D:5      | Bought a scroll of identify for 20 gold pieces
  7737 | D:7      | Reached skill level 1 in Shields
  7765 | D:7      | Reached skill level 5 in Short Blades
  7841 | D:7      | Found a sand-covered staircase.
  7848 | Ossuary  | Entered an ossuary
  7981 | Ossuary  | Reached XP level 9. HP: 32/69 MP: 13/13
  8102 | Ossuary  | Reached skill level 10 in Poison Magic
  9383 | D:7      | Reached skill level 5 in Fighting
 10173 | D:8      | Found a stormy altar of Qazlal.
 10264 | D:8      | Reached XP level 10. HP: 57/83 MP: 4/16
 10736 | D:8      | Reached skill level 5 in Spellcasting
 11179 | D:9      | Found a sacrificial altar of Ru.
 11300 | D:9      | Found a white marble altar of Elyvilon.
 11544 | D:9      | Noticed a two-headed ogre
 11562 | D:9      | Killed a two-headed ogre
 12130 | D:9      | Found a basalt altar of Yredelemnul.
 12472 | D:9      | Found a shadowy altar of Dithmenos.
 12826 | D:10     | Entered Level 10 of the Dungeon
 12840 | D:10     | Reached XP level 11. HP: 83/95 MP: 9/21
 12964 | D:10     | Found a staircase to the Orcish Mines.
 13271 | D:10     | Found a shimmering blue altar of Sif Muna.
 13354 | D:10     | Found a bloodstained altar of Trog.
 13410 | D:10     | Found a staircase to the Lair.
 13860 | D:11     | Found Fophumuph's Jewellery Boutique.
 13869 | D:11     | Noticed a centaur warrior
 13878 | D:11     | Reached skill level 5 in Shields
 13879 | D:11     | Killed a centaur warrior
 14663 | D:10     | Reached skill level 5 in Dodging
 15382 | D:12     | Noticed Azrael
 15423 | D:12     | Noticed a green ugly thing
 15443 | D:11     | Killed a green ugly thing
 15946 | Orc:1    | Entered Level 1 of the Orcish Mines
 15954 | Orc:1    | Reached XP level 12. HP: 93/104 MP: 16/24
 16126 | Orc:1    | Noticed a two-headed ogre
 16326 | Orc:1    | Killed a two-headed ogre
 16829 | Orc:2    | Entered Level 2 of the Orcish Mines
 16974 | Orc:2    | Noticed an orc warlord
 17011 | Orc:2    | Killed an orc warlord
 17378 | Orc:2    | Reached skill level 10 in Fighting
 17676 | Orc:2    | Found a staircase to the Elven Halls.
 18613 | Orc:2    | Reached XP level 13. HP: 50/113 MP: 15/26
 18899 | Orc:2    | Found Ysowot's Book Shop.
 18899 | Orc:2    | Found Ucyxoduv's Magic Scroll Emporium.
 18902 | Orc:2    | Found Jatwus's Antique Weapon Shoppe.
 18904 | Orc:2    | Found Viras's Magic Scroll Boutique.
 18909 | Orc:2    | Bought a scroll of teleportation for 48 gold pieces
 18909 | Orc:2    | Bought a scroll of teleportation for 48 gold pieces
 18916 | Orc:2    | Bought a scroll of teleportation for 36 gold pieces
 18916 | Orc:2    | Bought a scroll of fog for 24 gold pieces
 18916 | Orc:2    | Bought a scroll of teleportation for 36 gold pieces
 18916 | Orc:2    | Bought a scroll of enchant armour for 90 gold pieces
 18918 | Orc:2    | Bought a book of Rime for 308 gold pieces
 18919 | Orc:2    | Bought a book of Unlife for 396 gold pieces
 18925 | Orc:2    | Learned a level 3 spell: Frozen Ramparts
 19275 | Orc:2    | Learned a level 5 spell: Borgnjor's Vile Clutch
 19278 | Orc:2    | Learned a level 2 spell: Passwall
 19540 | D:1      | Bought a scroll of acquirement for 572 gold pieces
 19540 | D:1      | Bought a potion of curing for 33 gold pieces
 19540 | D:1      | Bought a scroll of acquirement for 572 gold pieces
 19540 | D:1      | Bought a potion of heal wounds for 55 gold pieces
 19540 | D:1      | Bought a scroll of summoning for 104 gold pieces
 19541 | D:1      | Acquired the +7 pair of quick blades "Gyre" and "Gimble"
                  | {protect}
 19541 | D:1      | Found the +7 pair of quick blades "Gyre" and "Gimble"
                  | {protect}
 19543 | D:1      | Acquired a +0 hat of see invisible
 19788 | Lair:1   | Entered Level 1 of the Lair of Beasts
 19929 | Lair:1   | Reached skill level 1 in Ice Magic
 20684 | Lair:1   | Reached skill level 1 in Earth Magic
 20688 | Lair:1   | Reached skill level 5 in Ice Magic
 20860 | Lair:1   | Reached skill level 2 in Earth Magic
 21148 | Lair:2   | Found a dark tunnel.
 21158 | Volcano  | Entered a volcano
 21411 | Volcano  | Reached skill level 3 in Earth Magic
 21464 | Volcano  | Found a radiant altar of Vehumet.
 22035 | Lair:2   | Reached skill level 4 in Earth Magic
 23519 | Lair:3   | Reached skill level 5 in Earth Magic
 24043 | Lair:3   | Reached skill level 10 in Dodging
 24043 | Lair:3   | Gained mutation: You have acidic saliva. [Yellow Draconian
                  | growth]
 24043 | Lair:3   | Reached XP level 14. HP: 117/121 MP: 19/27
 24155 | Lair:3   | Found a staircase to the Shoals.
 24333 | Lair:3   | Reached skill level 6 in Earth Magic
 24741 | Lair:4   | Found a staircase to the Snake Pit.
 25081 | Lair:4   | Reached skill level 7 in Earth Magic
 25401 | Lair:4   | Noticed Rupert
 26118 | Lair:5   | Found a staircase to the Slime Pits.
 26921 | Slime:1  | Entered Level 1 of the Pits of Slime
 27138 | Lair:6   | Entered Level 6 of the Lair of Beasts
 27159 | Lair:5   | Reached skill level 8 in Earth Magic
 27160 | Lair:5   | Reached skill level 1 in Necromancy
 27716 | Lair:6   | Identified the +1 ring mail of the Lost Priests {+Inv}
 27782 | Lair:6   | Reached skill level 9 in Earth Magic
 28425 | Lair:6   | Reached skill level 5 in Necromancy
 28449 | Lair:6   | Reached skill level 10 in Earth Magic
 28459 | Lair:6   | Reached XP level 15. HP: 80/126 MP: 1/28
 29953 | Lair:6   | Reached skill level 11 in Earth Magic
 30291 | D:4      | Killed ALWAYSlose's ghost
 30294 | D:4      | Killed sirJeffrey23's ghost
 30297 | D:4      | Killed JamezByez's ghost
 30499 | D:5      | Bought a book of the Earth for 432 gold pieces
 30499 | D:5      | Bought a book of the Moon for 480 gold pieces
 30510 | D:5      | Learned a level 8 spell: Lehudib's Crystal Spear
 30516 | D:5      | Learned a level 5 spell: Lee's Rapid Deconstruction
 30741 | D:12     | Killed Azrael
 31734 | D:13     | Reached skill level 12 in Earth Magic
 32576 | D:14     | Reached skill level 1 in Conjurations
 32753 | D:14     | Found a gate to the Vaults.
 32984 | D:14     | Found a large runed translucent door.
 32984 | D:14     | Found a large runed translucent door.
 32989 | D:14     | Noticed Wogiaph's ghost (journeyman OgTm)
 33021 | D:14     | Reached skill level 13 in Earth Magic
 34766 | D:14     | Killed Wogiaph's ghost
 34778 | D:14     | Identified the +2 dagger "Murmur" {freeze, rPois rC+ Str+6
                  | Stlth+}
 34913 | D:15     | Entered Level 15 of the Dungeon
 34916 | D:15     | Identified Roxanne's Tome of Clay
 34916 | D:15     | Noticed Roxanne
 34924 | D:15     | Killed Roxanne
 34946 | D:15     | Reached skill level 5 in Conjurations
 35317 | D:15     | Reached XP level 16. HP: 69/134 MP: 17/29
 35578 | D:15     | Found a staircase to the Depths.
 36581 | Snake:1  | Entered Level 1 of the Snake Pit
 36826 | Shoals:1 | Entered Level 1 of the Shoals
 36889 | Shoals:1 | Noticed HuGe's ghost (journeyman MiBe)
 36891 | Shoals:1 | You fall into a shaft and drop 1 floor!
 36891 | Shoals:2 | Noticed Ilsuiw
 36940 | Shoals:2 | Killed Ilsuiw
 36941 | Shoals:2 | Reached skill level 14 in Earth Magic
 36956 | Shoals:2 | Noticed Nikola
 36988 | Shoals:2 | Killed Nikola
 37882 | Shoals:2 | Found Wahif's Jewellery Shop.
 38751 | Shoals:2 | Noticed Polyphemus
 38771 | Shoals:2 | Killed Polyphemus
 40265 | Shoals:3 | Reached skill level 10 in Spellcasting
 40279 | Shoals:3 | Learned a level 6 spell: Statue Form
 42030 | Shoals:3 | Reached skill level 5 in Transmutations
 42278 | Shoals:3 | Reached skill level 15 in Earth Magic
 42296 | Shoals:3 | Reached skill level 10 in Shields
 43291 | Shoals:4 | Entered Level 4 of the Shoals
 44572 | Shoals:4 | Reached XP level 17. HP: 140/140 MP: 24/31
 44634 | Shoals:4 | Identified the +6 flail of Paper {drain, rN++ Int-4}
 45018 | Shoals:4 | Reached skill level 16 in Earth Magic
 45693 | Shoals:4 | Paralysed by a sphinx for 2 turns
 46423 | Shoals:4 | Got a barnacled rune of Zot
 46494 | Shoals:4 | Reached skill level 17 in Earth Magic
 47697 | Shoals:1 | Found a runed translucent door.
 47942 | Shoals:1 | Found Ruamatwa's Visitors' Centre.
 48364 | Shoals:1 | Found Pova's Magic Scroll Boutique.
 48743 | Shoals:1 | Bought a scroll of enchant weapon for 90 gold pieces
 48743 | Shoals:1 | Bought a scroll of acquirement for 624 gold pieces
 48743 | Shoals:1 | Bought a scroll of teleportation for 36 gold pieces
 48743 | Shoals:1 | Bought a scroll of fear for 42 gold pieces
 48743 | Shoals:1 | Bought a scroll of magic mapping for 42 gold pieces
 48743 | Shoals:1 | Acquired 877 gold pieces
 50071 | Shoals:1 | Reached skill level 18 in Earth Magic
 50191 | Shoals:1 | Found Ruamatwa's Merfolk Armours.
 50591 | Shoals:1 | Bought a scarf of resistance for 608 gold pieces
 50668 | Lair:4   | Paralysed by Rupert for 7 turns
 50679 | Lair:4   | Killed Rupert
 51356 | Snake:1  | Found a runed translucent gate.
 51356 | Snake:1  | Found a runed translucent gate.
 51358 | Snake:1  | Found a runed translucent gate.
 51362 | Snake:1  | Noticed Itub's ghost (adept GrFi)
 51822 | Snake:1  | Identified the +8 flail of Bys Heti {freeze, rPois Will+}
 51850 | Snake:1  | Noticed Frances
 51863 | Snake:1  | Killed Frances
 53633 | Snake:1  | Found Pethri Lobb's Assorted Antiques.
 53641 | Snake:1  | Bought a scroll of blinking for 262 gold pieces
 53641 | Snake:1  | Bought a potion of curing for 105 gold pieces
 53641 | Snake:1  | Bought a scroll of enchant armour for 262 gold pieces
 53641 | Snake:1  | Bought a scroll of teleportation for 105 gold pieces
 54053 | Snake:1  | Reached skill level 19 in Earth Magic
 55005 | Snake:2  | Reached XP level 18. HP: 93/148 MP: 6/32
 56614 | Snake:3  | Found a frozen archway.
 56683 | IceCv    | Entered an ice cave
 57577 | IceCv    | Acquired the Grimoire of Earthen Flight
 57966 | IceCv    | Reached skill level 20 in Earth Magic
 59724 | Snake:3  | Found a runed translucent gate.
 59725 | Snake:3  | Found a runed translucent gate.
 59726 | Snake:3  | Found a runed translucent gate.
 59728 | Snake:3  | Found an opulent altar of Gozag.
 59728 | Snake:3  | Found Qoifefro's Assorted Antiques.
 59728 | Snake:3  | Noticed Hoamet's ghost (adept DgFE)
 60813 | Snake:3  | Reached skill level 21 in Earth Magic
 61223 | Snake:4  | Entered Level 4 of the Snake Pit
 61605 | Snake:4  | Found Niroz's Weapon Shoppe.
 63960 | Snake:4  | Reached skill level 22 in Earth Magic
 64872 | Snake:4  | Reached XP level 19. HP: 154/154 MP: 20/33
 65238 | Snake:4  | Got a serpentine rune of Zot
 65666 | Vaults:1 | Entered Level 1 of the Vaults
 66241 | Vaults:1 | Noticed Saint Roka
 66254 | Vaults:1 | Killed Saint Roka
 70698 | Vaults:2 | Reached skill level 23 in Earth Magic
 72442 | Vaults:2 | Identified the +4 war axe of Kivirr {flame, +Blink rN+
                  | Stlth-}
 72707 | Vaults:3 | Found a staircase to the Crypt.
 72715 | Vaults:3 | Reached XP level 20. HP: 145/161 MP: 10/35
 73002 | Vaults:3 | Noticed Frederick
 74572 | Vaults:3 | Noticed Bai Suzhen
 74581 | Vaults:3 | Killed Bai Suzhen
 74838 | Vaults:3 | Killed Frederick
 75705 | Crypt:1  | Entered Level 1 of the Crypt
 76275 | Elf:1    | Entered Level 1 of the Elven Halls
 76835 | Elf:1    | Got Inumoc's Catalogue of Summoning
 76886 | Elf:1    | Found Rotol's Antique Weapon Emporium.
 77167 | Elf:1    | Found Yceused's Armour Emporium.
 77169 | Elf:1    | Found Xeha's Magic Scroll Shoppe.
 77169 | Elf:1    | Found Ucaqomol's Weapon Emporium.
 77172 | Elf:1    | Found Qawyro Faps's Assorted Antiques.
 77180 | Elf:1    | Bought a scroll of fear for 66 gold pieces
 77180 | Elf:1    | Bought a scroll of teleportation for 57 gold pieces
 77180 | Elf:1    | Bought a scroll of fear for 66 gold pieces
 77183 | Elf:1    | Bought 2 potions of heal wounds for 220 gold pieces
 77183 | Elf:1    | Bought a potion of heal wounds for 110 gold pieces
 77183 | Elf:1    | Bought a potion of mutation for 176 gold pieces
 77531 | Elf:2    | Paralysed by an air elemental for 1 turns
 77538 | Elf:2    | Paralysed by an air elemental for 1 turns
 77918 | Elf:2    | Found Loimm's Armour Shop.
 78123 | Elf:2    | Reached skill level 15 in Shields
 78125 | Elf:2    | Reached skill level 24 in Earth Magic
 78371 | Elf:2    | Noticed Donald
 78387 | Elf:2    | Killed Donald
 78752 | Elf:2    | Found a runed translucent gate.
 78752 | Elf:2    | Found a runed translucent gate.
 78752 | Elf:2    | Found a runed translucent gate.
 81006 | Elf:3    | Entered Level 3 of the Elven Halls
 82215 | Elf:3    | Reached XP level 21. HP: 168/168 MP: 15/36
 82216 | Elf:3    | Reached skill level 25 in Earth Magic
 82239 | Elf:3    | Paralysed by an air elemental for 1 turns
 82676 | Elf:3    | Identified the +9 mace of Ecottakh {freeze, *Rage Str+3
                  | Dex+2}
 82676 | Elf:3    | Identified the ring "Guiduch" {rPois EV+4 Int+4 Dex-5}
 82892 | Elf:3    | Identified the ring "Kaonin" {rCorr Str+5 Int-4}
 83053 | Elf:3    | Identified the +2 chain mail of Ethics {Fly rPois Regen+}
 83537 | Shoals:1 | Killed HuGe's ghost
 84162 | Crypt:1  | Reached skill level 1 in Evocations
 84582 | Crypt:1  | Reached skill level 26 in Earth Magic
 85803 | Crypt:1  | Noticed Margery
 85809 | Crypt:1  | Killed Margery
 87237 | Crypt:2  | Paralysed by a vampire knight for 6 turns
 87244 | Crypt:2  | HP: 1/171 [phantasmal warrior (23)]
 87246 | Crypt:2  | Mangled by a vampire knight

Illustrated notes

Levels and vault maps discovered:
D:1:      mushboom_english_gardens, layout_rooms,
          hellmonk_ecumenical_altar_crossroads, serial_shops, shop_fountains
D:2:      layout_basic, serial_shops, shop_fountains, shop, minmay_tromino_v7,
          uniq_robin
D:3:      layout_basic, serial_shops, nicolae_shop_behind_doors
D:4:      layout_basic, chequers_temple_overflow_minitemple,
          mainiacjoe_overflow_small_starburst, mainiacjoe_overflow_chevrons,
          gammafunk_ghost_cemetery
D:5:      layout_cave_pods, okawaru_trees_1, general_overflow_altar,
          minmay_temple_entry_glass, serial_shops, shop,
          nicolae_shop_advertising_works [nicolae_subvault_shop_adworks],
          nicolae_shop_crystal, shop, nicolae_stop_n_shop_2,
          uniq_crazy_yiuf_cottage, uniq_edmund
D:6:      layout_basic, mainiacjoe_overflow_alcove_2, uniq_sigmund
D:7:      layout_layer_cave, chequers_ossuary_entry_cave, amethyst_killhole
D:8:      layout_basic, grunt_qazlal_clouds, kennysheep_crisscross
D:9:      layout_gridville, lemuel_crystal_altar, hangedman_ru_absence,
          lemuel_round_altar, nicolae_dithmenos_the_darkroom, serial_rivers,
          chequers_serial_rivers_small_3, chequers_serial_rivers_marsh,
          chequers_serial_rivers_micro_c, chequers_serial_rivers_micro_b,
          chequers_serial_rivers_micro_c
D:10:     layout_rooms, tgw_sif, trog_three_pillars_becter, david_lair_generic,
          david_orc_5, serial_rivers, chequers_serial_rivers_micro_e,
          chequers_serial_rivers_micro_d, chequers_serial_rivers_small_3,
          chequers_serial_rivers_small_b, chequers_serial_rivers_micro_b,
          chequers_serial_rivers_marsh
D:11:     layout_gridville, serial_shops, shop, special_room
          [special_room_kobold]
D:12:     layout_cave_pools, uniq_azrael
D:13:     layout_basic
D:14:     layout_small_grid, ximxim_vaults_locker_room, dk_noncrumbling_4,
          ebering_ghost_disaster_area, minmay_misc_feat_pillars
D:15:     grunt_enter_depths_snipers, layout_stronghold, uniq_roxanne
Lair:1:   layout_chaotic_city, hangedman_lair_generics_rect
Lair:2:   layout_regular_city, nicolae_volcano_entry_hallway
Lair:3:   layout_cave_pods, minmay_shoals_entry_beasts
Lair:4:   layout_long_grid, minmay_snake_entry_spellcaster, grunt_megastairs_1,
          uniq_rupert
Lair:5:   layout_cave_pods, slime_dummy
Lair:6:   gammafunk_lair_ancient_temple, layout_long_grid,
          nicolae_quartered_pool_super, minivault_25
Shoals:1: nicolae_shoals_mermall, layout_shoals, serial_shops, shop,
          hellmonk_ghost_happy_afterlife
Shoals:2: layout_shoals, serial_shops, nicolae_shop_behind_doors,
          uniq_polyphemus, uniq_ilsuiw, uniq_nikola
Shoals:3: nzn_motion_control, layout_shoals, st_sunken_huts
Shoals:4: shoals_end_hellmonk_lost_city
Snake:1:  layout_onion_interference, gammafunk_ghost_necromancy, serial_shops,
          shop_fountains, nicolae_snake_salamander_zone, lemuel_fruit_tree,
          uniq_frances
Snake:2:  nicolae_snake_shooting_gallery, layout_onion_interference,
          serial_bayou_lagoon_a, grunt_ministairs_13
Snake:3:  layout_basic, ebering_ghost_gozag, portal_ice_cave_entry_frozen_things
Snake:4:  grunt_snake_rune_pools, layout_misc_corridors, serial_shops,
          nicolae_shop_bloodbath_and_beyond
Slime:1:  nicolae_slime_jelly_donut, layout_caves
Orc:1:    layout_caves
Orc:2:    st_orc_rangers, layout_caves
Elf:1:    layout_geoelf_octagon, serial_shops, shop, minmay_elf_demonology,
          minmay_shoptagon
Elf:2:    elven_hall_of_blades_hangedman_original [nicolae_blade_little_rooms],
          layout_loops_corners, serial_shops, shop_statue, uniq_donald
Elf:3:    elf_hall, layout_loops_corners
Vaults:1: infiniplex_enter_wizlab_glasses, st_eye,
          ontoclasm_vaults_loading_screen, hangedman_vaults_nails,
          ontoclasm_vaults_ring_square, v_misc_4, vaults_room_octagon,
          nicolae_vaults_little_squares_3, v_misc_2,
          vaults_mumra_minichess_inversion, nicolae_vaults_little_ls,
          ontoclasm_vaults_fault, vaults_dpeg_ring, layout_vaults_ring,
          uniq_saint_roka
Vaults:2: v_misc_1, ontoclasm_vaults_gateway, vaults_room_fancy_cross,
          nicolae_vaults_little_squares_6, ontoclasm_vaults_idyll,
          vaults_dpeg_encased_lava, ontoclasm_vaults_shout, grunt_vaults_twisty,
          v_misc_9, nicolae_vaults_little_squares_6, v_misc_11,
          ontoclasm_vaults_chip, layout_vaults_omnicross
Vaults:3: minmay_crypt_entry_simple_round, v_misc_31,
          nicolae_vaults_ring_of_whatevers, hangedman_vaults_capsules,
          hangedman_vaults_slice, layout_vaults_omnigrid, uniq_frederick,
          uniq_bai_suzhen
Crypt:1:  layout_misc_corridors, uniq_margery
Crypt:2:  layout_regular_city, grunt_megastairs_4

Skill      XL: |  1  2  3  4  5  6  7  8  9 10 11 12 13 14 15 16 17 18 19 20 21 |
---------------+----------------------------------------------------------------+-----
Poison Magic   | 4 5 6 8 9 10 11 | 11.0
Short Blades   | 3 5 6 7 8 |  8.0
Fighting       | 3 5 8 9 10 11 | 11.1
Shields        | 1 4 7 9 10 11 13 15 | 15.0
Spellcasting   | 3 4 7 8 9 10 11 | 11.0
Dodging        | 2 5 7 10 11 | 11.0
Ice Magic      | 8 |  8.1
Earth Magic    | 5 10 13 15 19 22 23 24 26 | 26.2
Necromancy     | 6 8 |  8.0
Conjurations   | 5 6 7 8 |  8.0
Transmutations | 5 |  5.0
Evocations     | 4 |  4.3
Stealth        | |  1.7

Action                   |  1- 3 |  4- 6 |  7- 9 | 10-12 | 13-15 | 16-18 | 19-21 || total
-------------------------+-------+-------+-------+-------+-------+-------+-------++-------
Melee: Unarmed           |    21 |       |       |       |       |       |       ||    21
       Tailslap          |     5 |     5 |    38 |    47 |   176 |   126 |   156 ||   553
       Whip              |    25 |       |       |       |       |       |       ||    25
       Short sword       |    35 |   125 |     1 |       |       |       |       ||   161
       Rapier            |       |       |   286 |   359 |    10 |  1053 |   977 ||  2685
       Pair of quick bla |       |       |       |       |  1018 |    43 |       ||  1061
       Bite              |       |       |       |       |    91 |    94 |   114 ||   299
Throw: Dart              |       |       |       |    17 |    29 |    36 |     9 ||    91
       Javelin           |       |       |       |       |       |    23 |    10 ||    33
       Throwing net      |       |       |       |       |       |       |     5 ||     5
 Cast: Sting             |    31 |    22 |     2 |     1 |       |       |       ||    56
       Olgreb's Toxic Ra |       |     3 |    20 |    88 |   144 |   211 |    96 ||   562
       Frozen Ramparts   |       |       |       |       |    55 |    37 |     5 ||    97
       Borgnjor's Vile C |       |       |       |       |    12 |   145 |   239 ||   396
       Lee's Rapid Decon |       |       |       |       |    15 |   134 |    97 ||   246
       Statue Form       |       |       |       |       |       |    22 |    14 ||    36
       Lehudib's Crystal |       |       |       |       |       |       |    36 ||    36
Invok: Potion Petition   |       |       |       |       |       |     1 |     4 ||     5
 Abil: Breathe Acid      |       |       |    19 |    20 |    34 |    36 |    13 ||   122
Evoke: Wand              |       |       |    16 |    17 |    11 |    21 |     6 ||    71
  Use: Potion            |     2 |       |     3 |     3 |     2 |    16 |     9 ||    35
       Scroll            |     1 |       |     8 |     4 |    27 |    16 |    18 ||    74
 Stab: Sleeping          |     3 |     7 |    10 |     3 |     3 |     6 |     6 ||    38
       Distracted        |       |       |     2 |     4 |     3 |     3 |     4 ||    16
       Invisible         |       |       |       |       |       |     2 |       ||     2
Armor: Skin              |    28 |    49 |    98 |    84 |   234 |   301 |   316 ||  1110
Dodge: Dodged            |    93 |    86 |   145 |   193 |   414 |   638 |   449 ||  2018
Block: Buckler           |       |       |    80 |   214 |     2 |       |       ||   296
       Other             |       |       |     1 |       |   123 |     9 |       ||   133
       Reflection        |       |       |       |    41 |     4 |   122 |    39 ||   206
       Kite shield       |       |       |       |       |       |  1113 |   809 ||  1922

Table legend: (Time is in decaauts)
 A = Elapsed time spent in this place.
 B = Non-inter-level travel time spent in this place.
 C = Inter-level travel time spent in this place.
 D = Time resting spent in this place.
 E = Time spent auto-exploring this place.
 F = Levels seen in this place.
 G = Mean time per level.
                   A        B        C        D        E       F      G
               +--------+--------+--------+--------+--------+-----+--------+
         Total |  87238 |  82930 |   4308 |  12299 |  56694 |  43 | 2028.8 |
       Dungeon |  22686 |  20302 |   2384 |   2605 |  14362 |  15 | 1512.4 |
          Lair |   9927 |   9306 |    621 |    837 |   7003 |   6 | 1654.5 |
        Shoals |  14142 |  13911 |    231 |   1981 |   9805 |   4 | 3535.5 |
     Snake Pit |  12869 |  12614 |    255 |   1697 |   9078 |   4 | 3217.2 |
    Slime Pits |      4 |      4 |      0 |      0 |      0 |   1 |    4.0 |
  Orcish Mines |   3240 |   3132 |    108 |    773 |   1594 |   2 | 1620.0 |
   Elven Halls |   7079 |   6878 |    201 |   1243 |   4367 |   3 | 2359.7 |
        Vaults |  10281 |   9792 |    489 |   1889 |   6305 |   3 | 3427.0 |
         Crypt |   3510 |   3492 |     18 |    314 |   2329 |   2 | 1755.0 |
       Ossuary |    853 |    853 |      0 |    230 |    358 |   1 |  853.0 |
      Ice Cave |   1923 |   1923 |      0 |    714 |    934 |   1 | 1923.0 |
       Volcano |    719 |    719 |      0 |     13 |    556 |   1 |  719.0 |
               +--------+--------+--------+--------+--------+-----+--------+

Top non-repeatable levels by time:
Vaults:1: 4271 daAuts
Shoals:3: 4200 daAuts
Shoals:1: 3827 daAuts
 Snake:1: 3740 daAuts
 Snake:4: 3732 daAuts
Vaults:3: 3535 daAuts
Shoals:2: 3266 daAuts
 Snake:3: 3193 daAuts
   Elf:2: 3175 daAuts
Shoals:4: 2847 daAuts
 Crypt:1: 2803 daAuts
    D:14: 2696 daAuts
  Lair:6: 2491 daAuts
Vaults:2: 2474 daAuts
   Elf:3: 2326 daAuts
